Map: Blackpink LE

Players

Darkxan - Winner!

  • Race: Terran Terran
  • League: Gold
  • Spawn Location: 1:00

Juxtapose

  • Race: Zerg Zerg
  • League: Gold
  • Spawn Location: 7:00

VOD

https://youtu.be/1DY4g1EuOUc

Description

Time

  • Played on: Nov. 17, 2017, 9:04 p.m.
  • Length: 11:05
Show
View Real Time Build Order
Export as new Build Order

Darkxan Terran - Winner!

Build Orders: MMM Bio 

Get SALT Encoding   

  12  0:01  SCV  
  13  0:13  SCV  
  14  0:22  Supply Depot  
  14  0:26  SCV  
  15  0:43  SCV  
  15  0:45  Barracks  
  16  0:52  Refinery  
  16  0:55  SCV  
  17  0:58  Refinery  
  17  1:07  SCV  
  18  1:19  SCV  
  19  1:32  Orbital Command  
  19  1:33  Supply Depot  
  19  1:36  Barracks Tech Lab  
  19  1:41  Barracks  
  19  1:58  Factory  
  19  2:03  SCV  
  20  2:10  Stimpack  
  20  2:15  SCV  
  21  2:19  Marauder  
  23  2:27  SCV  
  24  2:31  Barracks Reactor  
  24  2:39  SCV  
  25  2:45  Starport  
  25  2:46  Factory Reactor  
  25  2:51  Marauder  
  27  2:55  Supply Depot  
  27  3:07  Marine x2  
  27  3:12  Marauder  
  31  3:18  Supply Depot  
  31  3:25  Marine x2  
  33  3:32  Medivac x2  
  37  3:37  Marauder  
  39  3:42  Marine  
  39  3:43  Marine  
  41  3:54  Factory Tech Lab  
  41  4:00  Marine x2  
  41  4:01  Supply Depot  
  43  4:10  Concussive Shells  
  43  4:42  Medivac x2, Command Center  
  47  4:46  Marine x2  
  47  4:51  Siege Tank  
  52  5:04  Marine x2  
  40  5:51  Marine x2  
  42  6:00  Marauder  
  44  6:05  Barracks  
  44  6:09  Marine x2  
  44  6:11  Engineering Bay  
  46  6:15  Supply Depot  
  46  6:21  Marauder  
  46  6:22  Orbital Command  
  48  6:27  Marine x2  
  49  6:43  Marauder  
  49  6:45  Marine x2  
  53  6:52  Barracks  
  53  7:04  Marauder  
  49  7:26  Marauder  
  49  7:31  Marine x2  
  49  7:32  Barracks Reactor  
  51  7:42  Armory  
  51  7:44  SCV  
  51  7:49  Marine  
  53  7:56  Barracks Reactor, SCV  
  54  8:09  SCV  
  55  8:13  Terran Infantry Weapons Level 1  
  55  8:21  SCV  
  55  8:25  Marine x4  
  60  8:28  Marauder  
  60  8:30  Supply Depot  
  60  8:33  SCV  
  63  8:39  Combat Shields  
  63  8:42  Command Center, Marine  
  63  8:43  Marine x3  
  63  8:45  SCV  
  67  8:57  SCV  
  67  9:00  Marine x2  
  67  9:01  Marine x2  
  65  9:05  Engineering Bay  
  65  9:09  SCV  
  66  9:32  Supply Depot  
  66  9:39  SCV  
  67  9:48  Marine x6  
  67  9:50  Medivac  
  67  9:51  Medivac, SCV  
  67  9:52  Marauder  
  80  10:02  Orbital Command  
  80  10:03  SCV  
  80  10:05  Marine  
  80  10:06  Marine x5  
  87  10:13  Marauder  
  89  10:15  SCV  
  89  10:16  Thor  
  96  10:23  Marine x2  
  96  10:27  SCV  
  99  10:35  Marauder  
  101  10:40  SCV  
  94  10:52  SCV  
Show
View Real Time Build Order
Export as new Build Order

Juxtapose Zerg 

Build Orders: Hatch First 

Get SALT Encoding   

  12  0:01  Drone  
  13  0:09  Drone  
  14  0:17  Overlord  
  14  0:36  Drone  
  14  0:37  Drone  
  16  0:54  Hatchery  
  16  0:55  Drone  
  16  1:00  Extractor  
  16  1:01  Drone  
  16  1:15  Spawning Pool  
  16  1:18  Drone  
  16  1:25  Overlord  
  16  1:30  Drone  
  17  1:38  Drone  
  18  1:45  Drone  
  19  1:54  Drone  
  20  2:03  Drone  
  20  2:04  Queen  
  20  2:07  Drone  
  24  2:13  Metabolic Boost  
  24  2:18  Drone x2  
  26  2:27  Queen  
  28  2:33  Drone  
  29  2:38  Drone x2  
  29  2:39  Drone  
  32  2:48  Drone  
  33  2:57  Roach Warren, Drone x2  
  34  3:08  Queen  
  34  3:12  Overlord x2  
  36  3:20  Extractor, Lair  
  35  3:30  Drone  
  35  3:33  Drone x4  
  40  3:44  Queen  
  42  3:55  Hatchery  
  42  4:00  Drone x2  
  42  4:01  Drone x3  
  46  4:07  Extractor  
  46  4:09  Extractor  
  44  4:10  Overlord  
  44  4:12  Drone x3  
  47  4:25  Roach  
  47  4:26  Roach  
  47  4:27  Glial Reconstitution  
  47  4:29  Overlord  
  51  4:34  Infestation Pit  
  50  4:49  Overseer  
  50  5:01  Burrow  
  50  5:05  Zergling x2  
  50  5:06  Zergling x14  
  56  5:07  Zergling x6  
  43  5:18  Roach x3  
  43  5:19  Roach  
  39  5:30  Queen  
  39  5:35  Drone x3  
  32  5:44  Drone  
  32  5:45  Drone  
  34  5:52  Drone  
  35  6:12  Drone x4  
  35  6:13  Drone  
  40  6:20  Spine Crawler  
  37  6:42  Roach x4, Zergling x4  
  37  6:52  Zergling x8  
  39  7:02  Roach x2  
  37  7:16  Zergling x4  
  37  7:17  Zergling x6  
  39  7:27  Queen  
  40  7:32  Drone x2  
  42  7:46  Queen  
  42  7:49  Drone  
  46  7:51  Drone x3  
  46  7:56  Drone  
  46  7:57  Drone  
  50  8:10  Drone  
  50  8:12  Drone x2  
  53  8:16  Spine Crawler  
  52  8:24  Drone x5  
  57  8:36  Roach x4  
  48  9:06  Zergling x10  
  48  9:07  Zergling x12  
  50  9:21  Drone  
  50  9:22  Queen  
  33  9:48  Swarm Host  
  33  9:49  Swarm Host x2  
  57  9:54  Spawning Pool  
  56  10:08  Drone x2  
  56  10:09  Drone  
  50  10:50  Roach Warren  
Tags
 
Composition
MMM Bio
League
GoldGold
Matchup
TvZ
Spawn Locations
Cross Positions
Add a new tag
Caveats
  • Supply blocks, unpowered buildings, or Contaminate may cause inaccurate times.
  • Supply counts are checked every 10 seconds.